[Event "Titled Tuesday Blitz February 14 Early 2023"]
[White "Ibarra Jerez, Jose Carlos"]
[Black "Vovk, Orest"]
[WhiteFideId "2226332"]
[BlackFideId "14113490"]
[WhiteElo "2563"]
[BlackElo "2315"]
[Result "0-1"]
[Round "02"]
[TimeControl "180+2"]
[Date "2023.02.15"]
[WhiteClock "0:00:19"]
[BlackClock "0:00:40"]

1. e4 g5 2. d4 g4 3. f4 d5 4. e5 c5 5. c3 Nc6 6. Na3 Bf5 7. Ne2 Qb6 8. Ng3 Nh6 9. dxc5 Qxc5 10. Nb5 O-O-O 11. b4 Qb6 12. a4 Rd7 13. a5 Qd8 14. a6 d4 15. axb7+ Kb8 16. Nxf5 Nxf5 17. Qxg4 e6 18. Qf3 Qb6 19. Nd6 Bxd6 20. exd6 Rxd6 21. Ra6 Qxb7 22. b5 Nce7 23. Qxb7+ Kxb7 24. Ba3 Rxa6 25. bxa6+ Kb6 26. g4 dxc3 27. gxf5 Nxf5 28. Bd3 Rd8 29. Bxf5 exf5 30. O-O c2 31. Kf2 Rd1 32. Ke2 Rxf1 33. Kxf1 Kxa6 34. Ke2 Kb5 35. Kd3 Ka4 36. Bc1 Kb3 37. h4 a5 38. h5 a4 39. h6 a3 40. Bxa3 Kxa3 41. Kxc2 Kb4 42. Kd3 Kc5 43. Kc3 Kd5 44. Kd3 f6 45. Ke3 Kc4 46. Ke2 Kd4 47. Kf3 Kd3 48. Kg3 Ke3 49. Kh4 Kxf4 50. Kh5 Ke4 51. Kh4 f4 52. Kg4 f3 53. Kg3 Ke3 54. Kg4 f2 55. Kf5 f1=Q+ 56. Ke6 Qg1 0-1


[Site "https://www.chess.com"]

[Event "Titled Tuesday Blitz February 14 Early 2023"]
[White "Ter-Sahakyan, Samvel"]
[Black "Berezin, Viktor"]
[WhiteFideId "13302531"]
[BlackFideId "14107872"]
[WhiteElo "2617"]
[BlackElo "2307"]
[Result "1-0"]
[Round "02"]
[TimeControl "180+2"]
[Date "2023.02.15"]
[WhiteClock "0:01:11"]
[BlackClock "0:00:58"]

1. d4 Nf6 2. c4 g6 3. Nc3 Bg7 4. e4 O-O 5. Be2 d6 6. Be3 b6 7. h4 h5 8. Nh3 c5 9. e5 Ng4 10. Bf3 cxd4 11. Bxd4 dxe5 12. Be3 Qxd1+ 13. Rxd1 Nxe3 14. fxe3 Bg4 15. Bxa8 Bxd1 16. Kxd1 Nd7 17. Bf3 Rc8 18. b3 f5 19. Bd5+ Kf8 20. Be6 Rd8 21. Bxd7 Rxd7+ 22. Kc2 e4 23. Rd1 Ke8 24. Rxd7 Kxd7 25. Nf4 g5 26. hxg5 h4 27. g6 e5 28. Nh5 1-0


[Site "https://www.chess.com"]

[Event "Titled Tuesday Blitz February 14 Early 2023"]
[White "Raahul V S"]
[Black "Makarian, Rudik"]
[WhiteFideId "25035525"]
[BlackFideId "44105681"]
[WhiteElo "2299"]
[BlackElo "2545"]
[Result "0-1"]
[Round "02"]
[TimeControl "180+2"]
[Date "2023.02.15"]
[WhiteClock "0:00:01"]
[BlackClock "0:00:04"]

1. c4 e6 2. g3 d5 3. Bg2 Nf6 4. Nf3 dxc4 5. Qa4+ c6 6. Qxc4 b5 7. Qc2 a6 8. d4 Bb7 9. O-O Nbd7 10. Nbd2 Rc8 11. a4 c5 12. axb5 axb5 13. dxc5 Bxc5 14. Qd3 O-O 15. Qxb5 Bd5 16. b3 Qe7 17. Bb2 e5 18. e3 Rb8 19. Qe2 Bxb3 20. Nxb3 Rxb3 21. Rfc1 Rfb8 22. Rc2 g6 23. Rac1 Ba3 24. Bxa3 Qxa3 25. Nd2 Rb2 26. Nc4 Rxc2 27. Qxc2 Qc5 28. Nd2 Qxc2 29. Rxc2 Kg7 30. Bf3 h5 31. Kg2 Rb4 32. h4 e4 33. Be2 Ne5 34. Nc4 Nd3 35. Rc3 Nd5 36. Rxd3 exd3 37. Bxd3 Nf6 38. Kf3 Rb3 39. Be2 Rc3 40. Ne5 Rc2 41. Bd3 Rd2 42. Bf1 Ng4 43. Nxg4 hxg4+ 44. Kg2 f5 45. Bb5 Kf6 46. Bc6 Rc2 47. Bb5 Rb2 48. Bc4 g5 49. hxg5+ Kxg5 50. Bd5 Kf6 51. Bc6 Ke5 52. Bd7 Rd2 53. Bc8 Rd1 54. Bb7 Rc1 55. Ba8 Rc7 56. Kg1 Ra7 57. Bc6 Ra1+ 58. Kg2 Ra5 59. Be8 Ke4 60. Bc6+ Kd3 61. Be8 Ke2 62. Bf7 Ke1 0-1


[Site "https://www.chess.com"]

[Event "Titled Tuesday Blitz February 14 Early 2023"]
[White "Bacrot, Etienne"]
[Black "Maltsevskaya, Aleksandra"]
[WhiteFideId "605506"]
[BlackFideId "24174041"]
[WhiteElo "2667"]
[BlackElo "2390"]
[Result "1-0"]
[Round "02"]
[TimeControl "180+2"]
[Date "2023.02.15"]
[WhiteClock "0:00:51"]
[BlackClock "0:00:05"]

1. e4 c5 2. Nf3 e6 3. b3 Nc6 4. Bb2 b6 5. d4 cxd4 6. Nxd4 Bb7 7. Bd3 Nf6 8. Nxc6 Bxc6 9. Qe2 Qc7 10. O-O d6 11. c4 Be7 12. Nc3 O-O 13. Rac1 Qb7 14. f4 Rad8 15. Rf3 d5 16. cxd5 exd5 17. exd5 Nxd5 18. Nxd5 Bxd5 19. Bxh7+ Kxh7 20. Rh3+ Kg8 21. Bxg7 Bxg2 22. Rg3 Be4 23. Qh5 1-0


[Site "https://www.chess.com"]

[Event "Titled Tuesday Blitz February 14 Early 2023"]
[White "Indjic, Aleksandar"]
[Black "Orzech, Dominik"]
[WhiteFideId "911925"]
[BlackFideId "1115065"]
[WhiteElo "2618"]
[BlackElo "2308"]
[Result "1-0"]
[Round "02"]
[TimeControl "180+2"]
[Date "2023.02.15"]
[WhiteClock "0:01:57"]
[BlackClock "0:01:31"]

1. e4 c6 2. d4 d5 3. exd5 cxd5 4. Bd3 Nc6 5. c3 Nf6 6. Nf3 Bg4 7. Nbd2 e6 8. h3 Bh5 9. Qb3 Qc7 10. O-O Bd6 11. Re1 O-O 12. Ng5 h6 13. Ngf3 a6 14. Qc2 b5 15. g4 Bg6 16. Bxg6 fxg6 17. Rxe6 Qf7 18. Rxd6 Na5 19. Ne5 Qe7 20. Rxf6 Rxf6 21. Nf1 Raf8 22. Be3 Nc4 23. Nxg6 Qf7 24. Nxf8 Qxf8 25. b3 Nxe3 26. Nxe3 Rf3 27. Kg2 Qf4 28. Nxd5 Qg5 29. Ne7+ Kh8 30. Ng6+ Kg8 31. Kxf3 Qf6+ 32. Qf5 1-0


[Site "https://www.chess.com"]

[Event "Titled Tuesday Blitz February 14 Early 2023"]
[White "Golubev, Mikhail"]
[Black "Molina, Roberto Junio Brito"]
[WhiteFideId "14100983"]
[BlackFideId "2109450"]
[WhiteElo "2461"]
[BlackElo "2403"]
[Result "0-1"]
[Round "02"]
[TimeControl "180+2"]
[Date "2023.02.15"]
[WhiteClock "0:00:01"]
[BlackClock "0:01:09"]

1. e4 c6 2. d4 d5 3. e5 Bf5 4. h4 Qb6 5. h5 h6 6. c3 c5 7. dxc5 Qxc5 8. Be3 Qa5 9. Ne2 Nc6 10. Ng3 Bxb1 11. Rxb1 e6 12. f4 O-O-O 13. Ne2 Kb8 14. Nd4 Nxd4 15. Bxd4 Ne7 16. b4 Qc7 17. Bd3 Nc6 18. O-O Be7 19. b5 Nxd4 20. cxd4 Qa5 21. b6 a6 22. Qg4 Qc3 23. Rfd1 Qxd4+ 24. Kh1 Qf2 25. Rf1 Qh4+ 26. Qxh4 Bxh4 27. f5 Bg3 28. fxe6 fxe6 29. Rf7 Bxe5 30. Re1 Bf6 31. Rxe6 Rhe8 32. Rxe8 Rxe8 33. g3 Bd4 34. Bf5 Bxb6 35. Rxg7 Be3 36. Rd7 Re5 37. g4 Ka7 38. Kg2 Bg5 39. Kf3 Kb6 40. Bg6 Kc6 41. Rf7 b5 42. Rf5 Re3+ 43. Kf2 Ra3 44. Re5 Rxa2+ 45. Kg1 Kd6 46. Rxg5 hxg5 47. h6 Ra1+ 48. Kg2 Rc1 0-1


[Site "https://www.chess.com"]

[Event "Titled Tuesday Blitz February 14 Early 2023"]
[White "Sharapov, Evgeny"]
[Black "Madaminov, Mukhiddin"]
[WhiteFideId "14103133"]
[BlackFideId "14210703"]
[WhiteElo "2375"]
[BlackElo "2422"]
[Result "0-1"]
[Round "02"]
[TimeControl "180+2"]
[Date "2023.02.15"]
[WhiteClock "0:00:10"]
[BlackClock "0:00:19"]

1. e4 e5 2. Nf3 Nc6 3. Bb5 a6 4. Ba4 Nf6 5. d3 d6 6. O-O g6 7. c3 Bg7 8. Re1 O-O 9. h3 h6 10. d4 b5 11. Bb3 Re8 12. Nbd2 Bb7 13. a4 b4 14. d5 bxc3 15. bxc3 Na5 16. Bc2 c6 17. c4 Rc8 18. Bd3 cxd5 19. cxd5 Nxd5 20. exd5 e4 21. Ra3 exd3 22. Rxe8+ Qxe8 23. Rxd3 Nc4 24. Nxc4 Rxc4 25. Ba3 Rxa4 26. Qb3 Qd7 27. Nd2 Rd4 28. Rxd4 Bxd4 29. Ne4 Qf5 30. Qxb7 Qxe4 31. Bxd6 Qe1+ 32. Kh2 Qxf2 33. Qc8+ Kh7 34. Qxa6 Qg1+ 35. Kg3 Qe1+ 36. Kf3 Qe3+ 37. Kg4 f5+ 38. Kh4 Bf6# 0-1


[Site "https://www.chess.com"]

[Event "Titled Tuesday Blitz February 14 Early 2023"]
[White "Grigorjev, Iljya"]
[Black "Shapiro, Viktor"]
[WhiteFideId "24159565"]
[BlackFideId "4175700"]
[WhiteElo "2426"]
[BlackElo "2192"]
[Result "1-0"]
[Round "02"]
[TimeControl "180+2"]
[Date "2023.02.15"]
[WhiteClock "0:01:45"]
[BlackClock "0:01:43"]

1. c4 Nf6 2. Nc3 c5 3. Nf3 Nc6 4. e3 g6 5. d4 Bg7 6. d5 Na5 7. Bd3 O-O 8. O-O d6 9. e4 Bg4 10. h3 Bxf3 11. Qxf3 Nd7 12. Qe2 Ne5 13. Bf4 a6 14. Rab1 b5 15. cxb5 c4 16. Bc2 axb5 17. Nxb5 Qb6 18. a4 Rfc8 19. Be3 Qa6 20. f4 Nd3 21. Bxd3 cxd3 22. Qxd3 Nc4 23. b3 Nxe3 24. Qxe3 Rc2 25. Rfc1 Rac8 26. Rxc2 Rxc2 27. Rc1 Rxc1+ 28. Qxc1 Qb6+ 29. Kh1 Qf2 30. a5 Bh6 31. a6 Bxf4 32. Qg1 Qa2 33. a7 Be5 34. Nc7 1-0


[Site "https://www.chess.com"]

[Event "Titled Tuesday Blitz February 14 Early 2023"]
[White "Veiga, Jose Francisco R P Neves"]
[Black "Grigoriants, Sergey"]
[WhiteFideId "1930087"]
[BlackFideId "4130804"]
[WhiteElo "2406"]
[BlackElo "2562"]
[Result "0-1"]
[Round "02"]
[TimeControl "180+2"]
[Date "2023.02.15"]
[WhiteClock "0:00:29"]
[BlackClock "0:00:12"]

1. c4 e5 2. Nc3 Bb4 3. Nd5 Be7 4. e3 Nf6 5. Qc2 O-O 6. Nf3 d6 7. Ng5 g6 8. h4 Nxd5 9. cxd5 c6 10. dxc6 Nxc6 11. Nf3 Bg4 12. Be2 d5 13. a3 Rc8 14. Qa4 e4 15. Ng1 Be6 16. d4 Bxh4 17. Bd2 Be7 18. Nh3 Bd6 19. Bc3 h5 20. O-O-O Qf6 21. Rdf1 Bg4 22. Qd1 Bxe2 23. Qxe2 Na5 24. Kb1 Nc4 25. Bb4 Bxb4 26. axb4 Qb6 27. Nf4 Qxb4 28. Rd1 Qb3 29. Ka1 Rc6 30. Nxd5 Ra6+ 31. Kb1 Qa2+ 32. Kc1 Qa1+ 0-1


[Site "https://www.chess.com"]

[Event "Titled Tuesday Blitz February 14 Early 2023"]
[White "Maksimovic, Bojan"]
[Black "Martin Duque, Jesus"]
[WhiteFideId "14408120"]
[BlackFideId "2208954"]
[WhiteElo "2486"]
[BlackElo "2386"]
[Result "1-0"]
[Round "02"]
[TimeControl "180+2"]
[Date "2023.02.15"]
[WhiteClock "0:00:53"]
[BlackClock "0:01:21"]

1. e4 c5 2. Nf3 b6 3. d4 cxd4 4. Nxd4 Bb7 5. Nc3 a6 6. Bd3 e6 7. O-O Qc7 8. Qe2 b5 9. Re1 Nc6 10. Nd5 Qb8 11. Nxc6 Bxc6 12. c4 bxc4 13. Bxc4 Bd6 14. h3 Ne7 15. Nxe7 Bxe7 16. Bxa6 O-O 17. Bd3 Qe5 18. a3 Rfb8 19. Rb1 Bd6 20. g3 Bc5 21. Bf4 Qd4 22. Bxb8 Rxb8 23. b4 Bd6 24. Qe3 Qe5 25. b5 Bb7 26. a4 Bc5 27. Qf4 Qc3 28. Qxb8+ 1-0


[Site "https://www.chess.com"]

[Event "Titled Tuesday Blitz February 14 Early 2023"]
[White "Ibadov, Dashgyn"]
[Black "Mendonca, Leon Luke"]
[WhiteFideId "24107514"]
[BlackFideId "35028561"]
[WhiteElo "2391"]
[BlackElo "2603"]
[Result "1/2-1/2"]
[Round "02"]
[TimeControl "180+2"]
[Date "2023.02.15"]
[WhiteClock "0:00:08"]
[BlackClock "0:00:14"]

1. e4 c5 2. Nf3 b6 3. d4 cxd4 4. Nxd4 Bb7 5. Nc3 Nf6 6. e5 Nd5 7. Nxd5 Bxd5 8. Qg4 Nc6 9. Nxc6 Bxc6 10. Bc4 e6 11. O-O h5 12. Qe2 Qh4 13. Bb5 Qg4 14. f3 Qd4+ 15. Kh1 Rc8 16. Bxc6 Rxc6 17. Rd1 Qc4 18. Qe3 Qxc2 19. Bd2 Be7 20. Bc3 Rc7 21. Rd2 Qa4 22. Rad1 O-O 23. h3 Rd8 24. a3 Qh4 25. Rd4 Qg3 26. Qe4 Qg6 27. Qe2 Bc5 28. Rc4 Rdc8 29. b4 Be7 30. Rxc7 Rxc7 31. Bd4 Qc2 32. Rd2 Qc1+ 33. Rd1 Qxa3 34. b5 Qb3 35. Bf2 Qc4 36. Qe1 Qxb5 37. Be3 Qxe5 38. Qf2 d5 39. Bd4 Qf5 40. Qg3 e5 41. Bxe5 Qg6 42. Qxg6 fxg6 43. Bxc7 Kf7 44. Rxd5 Ke6 45. Rd1 Bc5 46. Ra1 b5 47. Bb8 b4 48. Bxa7 Kd5 49. Bxc5 Kxc5 50. Ra7 b3 51. Rxg7 Kc4 52. Rxg6 b2 53. Rb6 Kc3 54. g4 Kc2 55. gxh5 b1=Q+ 56. Rxb1 Kxb1 57. h6 Kc1 58. h7 Kd1 59. h8=Q Ke2 60. f4 Kf1 61. f5 Kf2 62. f6 Kf3 63. f7 Kg3 64. f8=Q 1/2-1/2


[Site "https://www.chess.com"]

[Event "Titled Tuesday Blitz February 14 Early 2023"]
[White "Remizov, Yaroslav"]
[Black "Shimelkov, Vasiliy"]
[WhiteFideId "34134015"]
[BlackFideId "13701630"]
[WhiteElo "2421"]
[BlackElo "2159"]
[Result "1/2-1/2"]
[Round "02"]
[TimeControl "180+2"]
[Date "2023.02.15"]
[WhiteClock "0:00:22"]
[BlackClock "0:00:03"]

1. e4 c5 2. Nf3 Nc6 3. Bb5 e6 4. b3 Nge7 5. Bb2 a6 6. Bf1 d5 7. exd5 exd5 8. g3 Be6 9. Bg2 Nf5 10. O-O Be7 11. g4 Nfd4 12. Nxd4 cxd4 13. f4 f5 14. g5 O-O 15. d3 Qe8 16. Nd2 Rd8 17. Nf3 Bc5 18. Qd2 Qf7 19. a3 b5 20. b4 Bb6 21. Rae1 Rfe8 22. h4 g6 23. Kh2 Bd7 24. Kg3 Re3 25. Qf2 Rde8 26. Bc1 Qe6 27. Kh2 Qd6 28. Qg3 Rxe1 29. Rxe1 Rxe1 30. Qxe1 Qe6 31. Ne5 Nxe5 32. fxe5 Qc6 33. Qe2 Be6 34. Bb2 Qc7 35. Kg3 Kg7 36. Kf4 Kg8 37. h5 Qf7 38. Qf2 Qe7 39. Bxd4 Bxd4 40. Qxd4 h6 41. hxg6 Qxg5+ 42. Kf3 Qxg6 43. Kf2 Qg5 44. Bxd5 Qd2+ 45. Kf3 Qd1+ 46. Kf2 Qd2+ 47. Kg1 Qd1+ 48. Kh2 Qxc2+ 49. Kg3 Qc8 50. Kf4 Qe8 51. Bxe6+ Qxe6 52. Qd8+ Kh7 53. d4 Qg6 54. Qe7+ Kg8 55. Qd8+ Kf7 56. Qd7+ Kg8 57. Qxf5 Qg2 58. e6 Qf2+ 59. Ke5 Qe3+ 60. Kd5 Qb3+ 61. Kd6 Qc4 62. d5 Qc8 63. Qf7+ Kh8 64. e7 Qb8+ 65. Ke6 Qc8+ 66. Kf6 Qc3+ 67. Ke6 Qc8+ 68. Kd6 Qb8+ 69. Kc6 Qc8+ 70. Kd6 1/2-1/2


[Site "https://www.chess.com"]

[Event "Titled Tuesday Blitz February 14 Early 2023"]
[White "Chor, Kevin"]
[Black "Pichot, Alan"]
[WhiteFideId "2090740"]
[BlackFideId "110973"]
[WhiteElo "1944"]
[BlackElo "2638"]
[Result "0-1"]
[Round "02"]
[TimeControl "180+2"]
[Date "2023.02.15"]
[WhiteClock "0:00:30"]
[BlackClock "0:00:40"]

1. e4 c6 2. d4 d5 3. exd5 cxd5 4. c4 Nf6 5. Nc3 g6 6. Qb3 Bg7 7. cxd5 O-O 8. Nge2 Nbd7 9. g3 Nb6 10. Bg2 Bf5 11. Nf4 Qd7 12. O-O Rac8 13. h3 h5 14. Kh2 Rfd8 15. Be3 Nc4 16. Rad1 a6 17. Rfe1 b5 18. d6 Nxd6 19. Ncd5 Nc4 20. Nxf6+ Bxf6 21. Nd5 Nxe3 22. Qxe3 Qd6 23. Nxe7+ Qxe7 24. Qxe7 Bxe7 25. Rxe7 Rc2 26. d5 Rxf2 27. d6 Kf8 28. Kg1 Rxb2 29. Bd5 Rxd6 30. Rxf7+ Ke8 31. Ra7 Be6 32. Re1 Rxd5 33. Rxe6+ Kd8 34. Re1 Rxa2 35. Rf1 Rf5 36. Rd1+ Kc8 37. Rdd7 Rc5 38. Rd1 Rc7 39. Ra8+ Kb7 40. Rg8 b4 41. Rxg6 b3 42. Rb1 b2 43. Kg2 Rc1 44. Rg7+ Kc6 45. Rg6+ Kd7 46. Rg7+ Ke6 47. Rxb2 Rxb2+ 48. Kf3 Rf1+ 49. Ke3 a5 50. Rg5 Rf5 51. Rg6+ Kf7 52. Ra6 Rb3+ 53. Ke4 Rg5 54. g4 hxg4 55. hxg4 Rxg4+ 56. Kf5 Ra4 57. Ra7+ Ke8 58. Ke6 Re3+ 59. Kd6 Ra1 60. Kc6 a4 61. Kb6 a3 62. Kb7 Re7+ 63. Ka8 Rxa7+ 64. Kb8 Ra4 65. Kb7 Rb4+ 0-1


[Site "https://www.chess.com"]

[Event "Titled Tuesday Blitz February 14 Early 2023"]
[White "Avinash, Ramesh"]
[Black "Badelka, Olga"]
[WhiteFideId "45018340"]
[BlackFideId "13509926"]
[WhiteElo "2319"]
[BlackElo "2406"]
[Result "1/2-1/2"]
[Round "02"]
[TimeControl "180+2"]
[Date "2023.02.15"]
[WhiteClock "0:00:29"]
[BlackClock "0:00:04"]

1. c4 e6 2. Nc3 d5 3. d4 Nf6 4. cxd5 exd5 5. Bg5 c6 6. Nf3 Be7 7. e3 Bf5 8. Bd3 Bxd3 9. Qxd3 O-O 10. O-O Nbd7 11. Rac1 Re8 12. Rfe1 Ne4 13. Bxe7 Qxe7 14. Nd2 Nxc3 15. bxc3 Qa3 16. Qb1 b5 17. Qb3 Qxb3 18. axb3 a5 19. e4 dxe4 20. Nxe4 a4 21. bxa4 bxa4 22. f3 a3 23. Ra1 f5 24. Nd2 Rxe1+ 25. Rxe1 Nb6 26. Ra1 Nd5 27. c4 Nb4 28. Nb3 a2 29. Nc1 Ra3 30. Kf2 Kf7 31. Ke2 Rc3 32. Kd1 Rc2 33. Rxa2 Rxa2 34. Nxa2 Nxa2 35. Kc2 Nb4+ 36. Kc3 Na6 37. Kd3 Ke6 38. Ke3 Nb4 39. Kd2 c5 40. dxc5 Na6 41. c6 Kd6 42. Ke3 g5 43. h4 h6 44. hxg5 hxg5 45. Kd4 Nc7 46. c5+ Ke6 47. g3 Ne8 48. Kc4 Nc7 49. Kd4 Kf6 50. f4 g4 51. Kc4 Ke7 52. Kd4 Ke6 53. Kc4 Ne8 54. Kd4 Nf6 55. c7 Kd7 56. Ke5 Ne4 57. Kxf5 Nxg3+ 58. Kxg4 Ne2 59. f5 Nd4 60. f6 Kxc7 61. Kg5 Ne6+ 62. Kg6 Nxc5 63. f7 Nd7 64. Kf5 Kd6 65. f8=Q+ Nxf8 1/2-1/2


[Site "https://www.chess.com"]

[Event "Titled Tuesday Blitz February 14 Early 2023"]
[White "Kaidanov, Gregory"]
[Black "Boros, Denes"]
[WhiteFideId "2008564"]
[BlackFideId "722340"]
[WhiteElo "2559"]
[BlackElo "2406"]
[Result "0-1"]
[Round "02"]
[TimeControl "180+2"]
[Date "2023.02.15"]
[WhiteClock "0:00:01"]
[BlackClock "0:00:22"]

1. Nf3 f5 2. g3 Nf6 3. Bg2 Nc6 4. d4 e6 5. c4 Bb4+ 6. Nbd2 O-O 7. O-O b6 8. d5 Na5 9. a3 Bxd2 10. Nxd2 Rb8 11. b4 Nb7 12. Bb2 Nd6 13. Qb3 Re8 14. dxe6 dxe6 15. Rfd1 Qe7 16. Nf3 Bb7 17. Qc2 Be4 18. Qc3 c5 19. b5 Nf7 20. a4 a5 21. bxa6 Ra8 22. a5 Rxa6 23. axb6 Rxb6 24. Ba3 Rc8 25. Bf1 Qb7 26. Nd2 h5 27. f3 Bc6 28. Bxc5 Ra6 29. Bd4 Rxa1 30. Rxa1 Ne8 31. Ra7 Qb8 32. Qe3 Rd8 33. Qxe6 Bb7 34. Qb6 Rd6 35. Qxb7 Qxb7 36. Rxb7 Rxd4 37. Rb2 Ne5 38. Rc2 Nc7 39. Kf2 h4 40. e3 Rd6 41. c5 hxg3+ 42. hxg3 Rh6 43. Kg2 Kf8 44. Nc4 Nd5 45. Kf2 Rh2+ 46. Bg2 Nxc4 47. Kg1 Ncxe3 48. Re2 Rh6 49. f4 Ra6 0-1


[Site "https://www.chess.com"]

[Event "Titled Tuesday Blitz February 14 Early 2023"]
[White "Samunenkov, Ihor"]
[Black "Parpiev, Isaak"]
[WhiteFideId "14187086"]
[BlackFideId "34281576"]
[WhiteElo "2501"]
[BlackElo "2167"]
[Result "1-0"]
[Round "02"]
[TimeControl "180+2"]
[Date "2023.02.15"]
[WhiteClock "0:00:06"]
[BlackClock "0:00:05"]

1. d4 Nf6 2. c4 c5 3. d5 b5 4. cxb5 a6 5. bxa6 g6 6. Nc3 Bg7 7. e4 d6 8. Bb5+ Nfd7 9. Nge2 O-O 10. O-O Bxa6 11. a4 Bxb5 12. Nxb5 Na6 13. Nec3 Nb4 14. Qe2 Ne5 15. Be3 Ned3 16. Rfd1 c4 17. b3 Qc8 18. Rab1 cxb3 19. Rxd3 Nxd3 20. Qxd3 Qa6 21. Bd4 Bxd4 22. Qxd4 Rfc8 23. h4 h5 24. Rxb3 Rc5 25. e5 Rac8 26. exd6 exd6 27. Qf6 Qb6 28. g3 Rc4 29. Kg2 Rg4 30. Rb1 Rd8 31. Re1 Rf8 32. Qxd6 Qb7 33. Ne4 Qc8 34. Nf6+ Kh8 35. Nxg4 Qxg4 36. Qxf8+ Kh7 37. Qxf7+ Kh6 38. Qf8+ Kh7 39. Re7# 1-0


[Site "https://www.chess.com"]

[Event "Titled Tuesday Blitz February 14 Early 2023"]
[White "Biastoch, Bennet"]
[Black "Kilic, Eray"]
[WhiteFideId "12939889"]
[BlackFideId "44517173"]
[WhiteElo "2257"]
[BlackElo "2414"]
[Result "0-1"]
[Round "02"]
[TimeControl "180+2"]
[Date "2023.02.15"]
[WhiteClock "0:01:42"]
[BlackClock "0:01:27"]

1. Nf3 Nf6 2. g3 g6 3. Bg2 Bg7 4. O-O O-O 5. d3 d5 6. c4 Nc6 7. cxd5 Nxd5 8. e4 Nb6 9. Nc3 Nd4 10. Be3 Bg4 11. Bxd4 Bxd4 12. h3 Bxf3 13. Qxf3 c6 14. Rac1 Qd6 15. Rfd1 Rad8 16. Bf1 Qb4 17. Qe2 f5 18. e5 f4 19. a3 Qb3 20. Bg2 fxg3 21. Kh1 Rxf2 22. Qg4 Rxg2 23. Kxg2 Nd5 24. Nxd5 Qxb2+ 25. Kxg3 Qf2# 0-1


[Site "https://www.chess.com"]

[Event "Titled Tuesday Blitz February 14 Early 2023"]
[White "Arencibia Monduy, Antonio"]
[Black "Rustemov, Alexander"]
[WhiteFideId "3507939"]
[BlackFideId "4119002"]
[WhiteElo "2122"]
[BlackElo "2525"]
[Result "0-1"]
[Round "02"]
[TimeControl "180+2"]
[Date "2023.02.15"]
[WhiteClock "0:00:01"]
[BlackClock "0:01:05"]

1. e4 e6 2. d4 d5 3. e5 c5 4. c3 Qb6 5. Nf3 Bd7 6. a4 cxd4 7. cxd4 Nc6 8. Nc3 Nge7 9. Bb5 a6 10. Bxc6 Nxc6 11. O-O Be7 12. h4 h6 13. Re1 Rc8 14. g3 Na5 15. Kg2 Qb3 16. Qd2 Nc4 17. Qf4 Nxb2 18. Bxb2 Qxb2 19. Ne2 Qc2 20. Rec1 Qg6 21. Rxc8+ Bxc8 22. Rc1 O-O 23. Qd2 Rd8 24. Nf4 Qf5 25. Ne1 Bd7 26. a5 Bc6 27. Nc2 Rc8 28. Ne3 Qh7 29. h5 Bg5 30. Nh3 Qe4+ 31. Kh2 Bd8 32. f4 Bxa5 33. Qxa5 Qxe3 34. Rc3 Qe2+ 35. Kg1 Qxh5 0-1


[Site "https://www.chess.com"]

[Event "Titled Tuesday Blitz February 14 Early 2023"]
[White "Acor, Corey"]
[Black "Jeet, Jain"]
[WhiteFideId "2024861"]
[BlackFideId "5073022"]
[WhiteElo "2216"]
[BlackElo "2199"]
[Result "1-0"]
[Round "02"]
[TimeControl "180+2"]
[Date "2023.02.15"]
[WhiteClock "0:00:48"]
[BlackClock "0:00:42"]

1. e4 c6 2. d3 d5 3. Nd2 e5 4. Ngf3 Bd6 5. g3 Nf6 6. Bg2 O-O 7. O-O h6 8. b3 Re8 9. Bb2 d4 10. c3 dxc3 11. Bxc3 Nbd7 12. Rc1 Qe7 13. d4 exd4 14. Nxd4 Ba3 15. Rb1 Nb6 16. b4 c5 17. bxc5 Bxc5 18. N2b3 Bxd4 19. Qxd4 Be6 20. f4 Red8 21. Qe3 Nc4 22. Qe2 Na3 23. Rbc1 Bc4 24. Bxf6 Bxe2 25. Bxe7 Bxf1 26. Kxf1 1-0


[Site "https://www.chess.com"]

[Event "Titled Tuesday Blitz February 14 Early 2023"]
[White "Orozbaev, Eldiar"]
[Black "Di Nicolantonio, Lucas"]
[WhiteFideId "13802240"]
[BlackFideId "680460"]
[WhiteElo "2235"]
[BlackElo "2376"]
[Result "1-0"]
[Round "02"]
[TimeControl "180+2"]
[Date "2023.02.15"]
[WhiteClock "0:00:07"]
[BlackClock "0:00:02"]

1. e4 g6 2. d4 Bg7 3. Nc3 a6 4. Be3 d6 5. f3 b5 6. Qd2 Nd7 7. O-O-O Bb7 8. h4 h6 9. g4 Rc8 10. g5 h5 11. Nh3 c5 12. dxc5 dxc5 13. Nf4 e6 14. Bh3 Qe7 15. Bxe6 fxe6 16. Nxg6 Qf7 17. Nxh8 Bxh8 18. Rhg1 b4 19. Na4 Bc6 20. Nxc5 Qg7 21. Qxb4 Rb8 22. Qc3 Qxc3 23. bxc3 Nxc5 24. Bxc5 Bxc3 25. Rd6 Bd7 26. Rgd1 Bb2+ 27. Kd2 Rc8 28. Bd4 Ba4 29. Bxb2 Rxc2+ 30. Ke3 Rxb2 31. Rc1 Ne7 32. Rxe6 Kd7 33. Rf6 Bb5 34. g6 Rg2 35. Rd1+ Ke8 36. Rdd6 Ng8 37. Rfe6+ Ne7 38. Rb6 Kd7 39. Re5 Nxg6 40. Rxh5 Rg1 41. Rh7+ Kc8 42. Rg7 Re1+ 43. Kd2 Re2+ 44. Kc3 Ne5 45. Rh6 Re3+ 46. Kd4 Nc4 47. Rh8+ Be8 48. Rxe8# 1-0


[Site "https://www.chess.com"]

[Event "Titled Tuesday Blitz February 14 Early 2023"]
[White "Kumala, Aleksander"]
[Black "Ahmadzada, Ahmad"]
[WhiteFideId "1141880"]
[BlackFideId "13413007"]
[WhiteElo "2165"]
[BlackElo "2488"]
[Result "1-0"]
[Round "02"]
[TimeControl "180+2"]
[Date "2023.02.15"]
[WhiteClock "0:00:04"]
[BlackClock "0:00:01"]

1. d4 Nf6 2. Bg5 Ne4 3. h4 c5 4. d5 Qb6 5. Nd2 Nxd2 6. Bxd2 e6 7. e4 exd5 8. exd5 d6 9. Bc3 Qc7 10. Bb5+ Bd7 11. a4 Be7 12. h5 O-O 13. h6 g6 14. Nf3 Bxb5 15. axb5 Nd7 16. Kf1 Bf6 17. Qd3 c4 18. Qd2 Ne5 19. Nxe5 Bxe5 20. f4 Bxc3 21. Qxc3 f6 22. f5 gxf5 23. Rh4 Rae8 24. Rxc4 Qf7 25. Rc7 Re7 26. Rxe7 Qxe7 27. Qg3+ Kh8 28. Re1 Qc7 29. Kg1 Rg8 30. Qh4 Qf7 31. c4 Qg6 32. Re2 a6 33. bxa6 bxa6 34. Kf1 f4 35. b4 Qb1+ 36. Kf2 Qf5 37. Re6 1-0


[Site "https://www.chess.com"]

[Event "Titled Tuesday Blitz February 14 Early 2023"]
[White "Zubarev, Alexander"]
[Black "Galchenko, Matvey"]
[WhiteFideId "14104385"]
[BlackFideId "24175480"]
[WhiteElo "2372"]
[BlackElo "2438"]
[Result "0-1"]
[Round "02"]
[TimeControl "180+2"]
[Date "2023.02.15"]
[WhiteClock "0:00:03"]
[BlackClock "0:00:09"]

1. Nf3 c5 2. e4 g6 3. c4 Bg7 4. d4 cxd4 5. Nxd4 Nc6 6. Be3 Nf6 7. Nc3 O-O 8. Be2 d6 9. f3 Bd7 10. O-O Nxd4 11. Bxd4 a5 12. Qd2 Bc6 13. b3 Nd7 14. Be3 Nc5 15. Rfc1 e6 16. Rd1 Be5 17. Bd4 Qe7 18. Rac1 Rfd8 19. Bf1 Bxd4+ 20. Qxd4 e5 21. Qe3 Ne6 22. Rd2 Nd4 23. Ne2 Ne6 24. Rcd1 h5 25. g3 Kg7 26. h4 Qc7 27. Nc3 Qe7 28. Bh3 Nc5 29. Kf2 Qf6 30. Qg5 Qxg5 31. hxg5 Kf8 32. Rxd6 Rxd6 33. Rxd6 Ke7 34. Rd2 Ne6 35. Bxe6 fxe6 36. Ke3 Rf8 37. a3 Ra8 38. c5 Bd7 39. Rd6 Bc6 40. Kd3 Rf8 41. Ke3 Ra8 42. Rd2 Bd7 43. Rd3 Bc6 44. b4 axb4 45. axb4 Ra1 46. b5 Bd7 47. Rd6 Rc1 48. Kd2 Rf1 49. Rd3 Rg1 50. f4 h4 51. gxh4 exf4 52. e5 Rg2+ 53. Ke1 Rh2 54. c6 bxc6 55. b6 Bc8 56. Ne4 Ba6 57. Rd6 Re2+ 58. Kd1 Rxe4 59. Rxc6 Rb4 60. Rc7+ Kd8 61. Rf7 Rxb6 62. h5 gxh5 63. g6 Bd3 64. g7 Bh7 65. Rxf4 Ke7 66. Rf8 Rb1+ 67. Ke2 Rg1 68. Rf6 Rxg7 69. Rh6 Bg6 70. Ke3 Bf7 71. Kf4 Rg4+ 72. Kf3 Rg5 73. Kf4 Rf5+ 74. Ke4 Kf8 75. Rh7 Kg8 76. Rh6 Kg7 0-1


[Site "https://www.chess.com"]